 Dungeon Crawl Stone Soup version 0.21.0-25-ge575cb9 (webtiles) character file.

15096 tidbits the Martial Artist (level 12, -8/93 HPs)
             Began as a Gnoll Transmuter on Jan 26, 2018.
             Was an Elder of Cheibriados.
             Mangled by a centaur (9 damage)
             ... while paralysed
             ... on level 11 of the Dungeon.
             The game lasted 00:42:49 (3508 turns).

tidbits the Martial Artist (Gnoll Transmuter)       Turns: 3508, Time: 00:42:50

Health: -8/93      AC:  2    Str: 24    XL:     12   Next: 23%
Magic:  24/24      EV:  5    Int: 29    God:    Cheibriados [****..]
Gold:   1412       SH:  0    Dex: 33    Spells: 13/28 levels left

rFire    . . .     SeeInvis .     - Unarmed
rCold    . . .     Gourm    .   (shield currently unavailable)
rNeg     . . .     Faith    .   (armour currently unavailable)
rPois    x         Spirit   .   (helmet currently unavailable)
rElec    .         Reflect  .   (cloak currently unavailable)
rCorr    .         Harm     .   (gloves currently unavailable)
MR       ++...                  (boots currently unavailable)
Stlth    +++++.....             R - amulet of regeneration
HPRegen  0.65/turn              q - ring of protection from magic
MPRegen  0.19/turn              H - ring of protection from magic

@: paralysed, spider-form, berserk cooldown, slowed, very slow
A: tiny, distributed training, rugged brown scales 1, agile 1, evolution 1,
strong nose
a: End Transformation, Bend Time, Temporal Distortion, Slouch, Renounce Religion


You were on level 11 of the Dungeon.
You worshipped Cheibriados.
Cheibriados was greatly pleased with you.
You were full.
You were a venomous arachnid creature.
You visited 2 branches of the dungeon, and saw 14 of its levels.
You also visited: Ossuary and Bailey.

You collected 1412 gold pieces.

Inventory:

Hand Weapons
 d - a +2 dagger of venom (melded)
   (You found it on level 3 of the Dungeon)
 f - the +6 mace "Transmigrator" {protect, rC+, unknown}
   (You found it on level 12 of the Dungeon)

   It protects the one who uses it against injury (+AC on strike).
   It protects you from cold.
 j - a +0 broad axe
 v - a +1 flail of holy wrath
   (You took it off Edmund on level 4 of the Dungeon)
 A - a +0 broad axe
 D - a +0 war axe
 J - the +3 hand axe "Myevoergh" {freeze, rElec MP+9}
   (You found it on level 10 of the Dungeon)

   It has been specially enchanted to freeze those struck by it, causing extra
   injury to most foes and up to half again as much damage against particularly
   susceptible opponents.
   It can also slow down cold-blooded creatures.
   It insulates you from electricity.
   It affects your magic capacity (+9).
 K - a +0 war axe
 L - a +3 scimitar of flaming
   (You took it off Erica on level 8 of the Dungeon)
 U - a +0 blowgun
 V - a +0 short sword of distortion
   (You took it off Sonja on level 12 of the Dungeon)
Missiles
 g - 13 poisoned needles
 n - a throwing net {!f}
 t - 5 tomahawks (quivered)
 E - 39 sling bullets
 N - 49 tomahawks of returning
 W - 8 curare-tipped needles
Armour
 b - a +0 robe
 s - a +2 leather armour of fire resistance
   (You took it off an orc on level 3 of the Dungeon)
 u - a +2 leather armour of fire resistance
   (You found it on level 4 of the Dungeon)
 w - a cursed +0 robe (melded)
 x - a +2 ring mail of positive energy
   (You found it on level 3 of the Dungeon)
 B - a +1 robe of cold resistance
   (You took it off Fannar on level 11 of the Dungeon)
 C - a +2 cloak (melded)
 G - a +0 pair of gloves (melded)
 Q - a +0 buckler
Jewellery
 q - a ring of protection from magic (left front leg)
   (You found it on level 2 of the Dungeon)
 H - a ring of protection from magic (right front leg)
   (You took it off a hobgoblin on level 3 of the Dungeon)
 P - an uncursed ring of ice
   (You found it on level 11 of the Dungeon)
 R - an amulet of regeneration (around neck)
   (You found it on level 4 of the Dungeon)
 T - an uncursed ring of ice
   (You took it off Fannar on level 11 of the Dungeon)
Wands
 a - a wand of acid (8)
 y - a wand of paralysis (8)
 F - a wand of disintegration (19)
 I - a wand of iceblast (7)
 X - a wand of polymorph (16)
Scrolls
 e - a scroll of random uselessness
 h - 4 scrolls of teleportation
 k - 4 scrolls of amnesia
 m - 5 scrolls of enchant weapon
 r - 5 scrolls of remove curse
Potions
 i - 2 potions of curing
 l - a potion of brilliance
 p - 3 potions of flight
 z - a potion of ambrosia
 M - a potion of mutation {!q}
 O - a potion of heal wounds
 Y - a potion of lignification
Books
 o - a book of Changes

   Spells                             Type                      Level
   a - Beastly Appendage              Transmutation                1
   b - Sticks to Snakes               Transmutation                2
   c - Spider Form                    Transmutation/Poison         3
   d - Ice Form                       Ice/Transmutation            4
   e - Blade Hands                    Transmutation                5
Miscellaneous
 S - a phantom mirror
Comestibles
 c - 14 rations


   Skills:
 + Level 7.5 Fighting
 + Level 7.0 Short Blades
 + Level 7.0 Long Blades
 + Level 7.0 Axes
 + Level 7.0 Maces & Flails
 + Level 7.0 Polearms
 + Level 7.0 Staves
 + Level 7.0 Slings
 + Level 7.0 Bows
 + Level 7.0 Crossbows
 + Level 7.0 Throwing
 + Level 7.0 Armour
 + Level 8.4 Dodging
 + Level 7.0 Stealth
 + Level 7.0 Shields
 + Level 9.6 Unarmed Combat
 + Level 8.7 Spellcasting
 + Level 5.8 Conjurations
 + Level 5.8 Hexes
 + Level 5.8 Charms
 + Level 5.8 Summonings
 + Level 5.8 Necromancy
 + Level 5.8 Translocations
 + Level 7.0 Transmutations
 + Level 5.8 Fire Magic
 + Level 5.8 Ice Magic
 + Level 5.8 Air Magic
 + Level 5.8 Earth Magic
 + Level 5.8 Poison Magic
 + Level 7.6 Invocations
 + Level 7.0 Evocations


You had 13 spell levels left.
You knew the following spells:

 Your Spells              Type           Power        Failure   Level  Hunger
e - Beastly Appendage     Tmut           ######       2%          1    None
h - Blade Hands           Tmut           ######....   17%         5    ####...
i - Ice Form              Ice/Tmut       #####...     11%         4    None
k - Sticks to Snakes      Tmut           ######..     3%          2    None
p - Spider Form           Tmut/Pois      #####.....   4%          3    None


Dungeon Overview and Level Annotations

Branches:
Dungeon (13/15)            Temple (1/1) D:7            Lair (0/6) D:11
    Orc (0/2) D:10
 Vaults: D:13-14

Altars:
Ashenzari
Cheibriados
Gozag
Hepliaklqana
Kikubaaqudgha
Makhleb
Nemelex Xobeh
Okawaru
Qazlal
Ru
Uskayaw
Vehumet
Wu Jian
Xom
Yredelemnul
Zin
The Shining One
Lugonu

Annotations:
D:12 exclusion: wraith, Josephine


Innate Abilities, Weirdness & Mutations

Your experience applies equally to all skills.
((You have very sharp teeth.))
Your uncanny sense of smell can sniff out nearby items.
(You are partially covered in rugged brown scales. (AC +1, +3% HP))
You are agile. (Dex +2)
You evolve.
((Your movements are slightly less encumbered by armour. (ER -2)))


Message History

You turn into a venomous arachnid creature.
Your +2 dagger of venom melds into your body.
Your +2 cloak melds into your body.
Your +0 pair of gloves melds into your body.
Your cursed +0 robe melds into your body.
Your +2 dagger of venom stops dripping with poison.
You hear a shout! x2
The centaur shoots an arrow.
The arrow misses you.
The centaur wields a shortbow.
The centaur shoots an arrow.
The arrow completely misses you.
A centaur comes into view. It is wielding a shortbow.
The centaur wields a runed shortbow.
The centaur shoots an arrow.
The arrow completely misses you.
The centaur shoots an arrow.
The arrow completely misses you.
The centaur shoots an arrow.
The arrow completely misses you.
A phantom comes into view.
You see here an arrow.
The centaur shoots an arrow.
The arrow completely misses you.
The centaur shoots an arrow.
The arrow closely misses you.
The centaur shoots an arrow.
The arrow closely misses you.
The centaur shoots an arrow.
The arrow closely misses you.
A centaur comes into view.
You see here an arrow.
Okay, then.
Okay, then.
Okay, then.
It was a potion of berserk rage.
A red film seems to cover your vision as you go berserk!
Cheibriados protects you from inadvertent hurry.
You feel mighty!
The centaur shouts!
The centaur shoots an arrow.
The arrow completely misses you.
The centaur shoots an arrow.
The arrow completely misses you.
The centaur shoots an arrow.
The arrow completely misses you.
You feel a strong urge to attack something.
The centaur shoots an arrow.
The arrow completely misses you. The phantom completely misses you.
You see here an arrow.
You maul the centaur!!
The centaur looks as sick as possible!
The centaur is almost dead.
The phantom closely misses you. The centaur completely misses you.
You hit the centaur.
You kill the centaur!
Cheibriados appreciates the change of pace.
The phantom completely misses you.
The centaur unwields an uncursed shortbow.
The centaur hits you!
You completely miss the centaur.
You maul the centaur!!
You kill the centaur!
Cheibriados thoroughly appreciates the change of pace.
Your Short Blades skill increases to level 7!
Your Long Blades skill increases to level 7!
Your Axes skill increases to level 7!
Your Maces & Flails skill increases to level 7!
Your Polearms skill increases to level 7!
Your Staves skill increases to level 7!
Your Slings skill increases to level 7!
Your Bows skill increases to level 7!
Your Crossbows skill increases to level 7!
Your Throwing skill increases to level 7!
Your Armour skill increases to level 7!
Your Stealth skill increases to level 7!
Your Shields skill increases to level 7!
Your Evocations skill increases to level 7!
The centaur wields a shortbow.
The centaur shoots an arrow.
The arrow barely misses you.
The phantom blinks!
The centaur wields a shortbow.
The centaur shoots an arrow.
The arrow misses you.
The centaur wields a shortbow.
The centaur shoots an arrow.
The arrow completely misses you.
You are no longer berserk.
You pass out from exhaustion.
You feel yourself slow down.
The centaur unwields an uncursed shortbow.
The centaur hits you. The centaur barely misses you.
The centaur shoots an arrow.
The arrow hits you!
The centaur unwields an uncursed shortbow.
The centaur hits you but does no damage.
The centaur hits you with a shortbow. The centaur barely misses you.
The centaur completely misses you. The centaur hits you.
The centaur hits you with a shortbow. The centaur hits you.
The phantom blinks!
The centaur hits you.
* * * LOW HITPOINT WARNING * * *
The centaur hits you but does no damage.
The centaur hits you!
* * * LOW HITPOINT WARNING * * *
The centaur hits you.
* * * LOW HITPOINT WARNING * * *
The centaur unwields an uncursed shortbow.
The centaur hits you!
* * * LOW HITPOINT WARNING * * *
The centaur hits you with a shortbow!
* * * LOW HITPOINT WARNING * * *
The centaur hits you.
* * * LOW HITPOINT WARNING * * *
The centaur hits you.
* * * LOW HITPOINT WARNING * * *
The centaur hits you with a shortbow!
* * * LOW HITPOINT WARNING * * *
The centaur hits you!
You die...

............# ... ...........#
..# # #..........# ..# #.
#..........# (.# #. #..........#
..# #.. #..........#
..#####cc####.W#######..........#
...............cc).(.(..........#
...............cs((((((.........#
..############.c######)(......).#
..# #.. #))######..# ..# #.. #)(#
#..# ..# #.. #..# #..# ..# #..
#(.# #..# ..# #.. #..# #[.# ..#
#.. #..######..# ..# #.(........#


You could see a phantom and 4 centaurs.

Vanquished Creatures
  Fannar (D:11)
  The ghost of Exporg the Cleaver, a journeyman HOFi of Nemelex Xobeh (D:12)
  Erica (D:8)
  A two-headed ogre (D:9)
  A centaur warrior (D:10)
  Sonja (D:12)
  The ghost of Ashar the Cleaver, a novice DsFi of Makhleb (D:6)
  An ugly thing (D:12)
  Maurice (D:8)
  An efreet (D:13)
  2 trolls
  Grinder (D:4)
  Prince Ribbit (D:7)
  5 hippogriffs
  A shadow (D:11)
  3 wraiths (D:12)
  A vampire (D:10)
  A yak (D:10)
  A wyvern (D:12)
  4 hogs (D:9)
  A human (D:9)
  2 vampire mosquitoes (D:8)
  An acid dragon (D:10)
  11 orc warriors
  3 phantoms
  2 sky beasts
  A black bear (D:8)
  4 ogres
  A necrophage (D:7)
  A crocodile (D:10)
  4 centaurs
  A big kobold (D:11)
  3 wyvern zombies
  3 bullfrogs
  4 scorpions
  11 killer bees
  5 wights (D:10)
  3 howler monkeys
  A centaur zombie (D:6)
  2 crimson imps
  3 bullfrog zombies
  A jelly (D:9)
  6 orc wizards
  5 hounds
  4 orc priests
  4 bullfrog skeletons
  An iguana (D:11)
  6 worker ants
  7 mummies (Ossuary)
  6 adders
  3 gnolls
  4 dart slugs
  4 leopard geckos
  27 orcs
  6 giant cockroaches
  2 gnoll zombies (Ossuary)
  7 hobgoblins
  2 jackals (D:4)
  20 kobolds
  3 quokkas
  2 bats
  3 frilled lizards
  4 goblins (Bailey)
  A hobgoblin zombie (Ossuary)
  2 orc zombies (Ossuary)
  5 rats (D:2)
  A plant (D:2)
233 creatures vanquished.

Vanquished Creatures (collateral kills)
  A hydra (D:12)
  A vampire mosquito (D:8)
  Edmund (D:4)
  An ogre (D:8)
  A centaur (D:6)
  A big kobold (D:9)
  A bullfrog (D:7)
  A killer bee (D:12)
  A wight (D:10)
  A crimson imp (D:13)
  A jelly (D:11)
  A quasit (D:7)
  A mummy (Ossuary)
  An adder (D:6)
  A worm (D:3)
  A leopard gecko (D:6)
  5 orcs
  A hobgoblin (D:3)
  A hobgoblin zombie (Ossuary)
  A kobold zombie (Ossuary)
  An orc zombie (Ossuary)
  A rat (D:3)
26 creatures vanquished.

Vanquished Creatures (others)
  2 orcs (D:3)
2 creatures vanquished.

Grand Total: 261 creatures vanquished

Notes
Turn   | Place    | Note
-------+----------+-------------------------------------------
     0 | D:1      | tidbits the Gnoll Transmuter began the quest for the Orb.
     0 | D:1      | Reached XP level 1. HP: 17/17 MP: 6/6
    41 | D:2      | Reached XP level 2. HP: 23/23 MP: 7/7
    45 | D:2      | Learned a level 2 spell: Sticks to Snakes
   207 | D:2      | Reached XP level 3. HP: 24/28 MP: 6/9
   210 | D:2      | Reached skill level 5 in Spellcasting
   218 | D:2      | Learned a level 3 spell: Spider Form
   371 | D:3      | Reached skill level 1 in Invocations
   420 | D:3      | Reached skill level 1 in Short Blades
   420 | D:3      | Reached skill level 1 in Long Blades
   420 | D:3      | Reached skill level 1 in Axes
   420 | D:3      | Reached skill level 1 in Maces & Flails
   420 | D:3      | Reached skill level 1 in Polearms
   420 | D:3      | Reached skill level 1 in Staves
   420 | D:3      | Reached skill level 1 in Slings
   420 | D:3      | Reached skill level 1 in Bows
   420 | D:3      | Reached skill level 1 in Crossbows
   420 | D:3      | Reached skill level 1 in Throwing
   420 | D:3      | Reached skill level 1 in Armour
   420 | D:3      | Reached skill level 1 in Stealth
   420 | D:3      | Reached skill level 1 in Shields
   420 | D:3      | Reached skill level 1 in Evocations
   446 | D:3      | Reached XP level 4. HP: 34/34 MP: 1/11
   474 | D:3      | Found a radiant altar of Vehumet.
   483 | D:4      | Noticed Edmund
   483 | D:4      | Noticed an ogre
   489 | D:4      | Killed an ogre
   489 | D:4      | Reached skill level 1 in Conjurations
   489 | D:4      | Reached skill level 1 in Hexes
   489 | D:4      | Reached skill level 1 in Charms
   489 | D:4      | Reached skill level 1 in Summonings
   489 | D:4      | Reached skill level 1 in Necromancy
   489 | D:4      | Reached skill level 1 in Translocations
   489 | D:4      | Reached skill level 1 in Fire Magic
   489 | D:4      | Reached skill level 1 in Ice Magic
   489 | D:4      | Reached skill level 1 in Air Magic
   489 | D:4      | Reached skill level 1 in Earth Magic
   489 | D:4      | Reached skill level 1 in Poison Magic
   489 | D:4      | Reached XP level 5. HP: 40/40 MP: 1/12
   495 | D:4      | Killed Edmund
   495 | D:4      | Reached skill level 3 in Fighting
   495 | D:4      | Reached skill level 4 in Transmutations
   495 | D:4      | Reached skill level 2 in Invocations
   495 | D:4      | Reached XP level 6. HP: 47/47 MP: 2/13
   515 | D:4      | Found an iron altar of Okawaru.
   562 | D:4      | Found a sand-covered staircase.
   609 | D:4      | Reached skill level 5 in Dodging
   655 | D:5      | Entered Level 5 of the Dungeon
   655 | D:5      | Noticed a sky beast
   671 | D:4      | Killed a sky beast
   671 | D:4      | Reached skill level 2 in Short Blades
   671 | D:4      | Reached skill level 2 in Long Blades
   671 | D:4      | Reached skill level 2 in Axes
   671 | D:4      | Reached skill level 2 in Maces & Flails
   671 | D:4      | Reached skill level 2 in Polearms
   671 | D:4      | Reached skill level 2 in Staves
   671 | D:4      | Reached skill level 2 in Slings
   671 | D:4      | Reached skill level 2 in Bows
   671 | D:4      | Reached skill level 2 in Crossbows
   671 | D:4      | Reached skill level 2 in Throwing
   671 | D:4      | Reached skill level 2 in Armour
   671 | D:4      | Reached skill level 2 in Stealth
   671 | D:4      | Reached skill level 2 in Shields
   671 | D:4      | Reached skill level 2 in Evocations
   678 | D:3      | Found a hide-covered altar of Uskayaw.
   678 | D:3      | Noticed a dagger
   678 | D:3      | Noticed a hand axe
   719 | D:3      | Reached XP level 7. HP: 28/52 MP: 2/15
   748 | D:4      | Noticed Grinder
   768 | D:4      | Killed Grinder
   768 | D:4      | Reached skill level 7 in Unarmed Combat
   768 | D:4      | Reached skill level 2 in Conjurations
   768 | D:4      | Reached skill level 2 in Hexes
   768 | D:4      | Reached skill level 2 in Charms
   768 | D:4      | Reached skill level 2 in Summonings
   768 | D:4      | Reached skill level 2 in Necromancy
   768 | D:4      | Reached skill level 2 in Translocations
   768 | D:4      | Reached skill level 2 in Fire Magic
   768 | D:4      | Reached skill level 2 in Ice Magic
   768 | D:4      | Reached skill level 2 in Air Magic
   768 | D:4      | Reached skill level 2 in Earth Magic
   768 | D:4      | Reached skill level 2 in Poison Magic
   863 | Ossuary  | Entered an ossuary
   900 | Ossuary  | Reached skill level 3 in Invocations
  1093 | D:5      | Reached XP level 8. HP: 46/60 MP: 8/16
  1157 | D:5      | Reached skill level 4 in Fighting
  1186 | D:6      | Reached skill level 3 in Short Blades
  1186 | D:6      | Reached skill level 3 in Long Blades
  1186 | D:6      | Reached skill level 3 in Axes
  1186 | D:6      | Reached skill level 3 in Maces & Flails
  1186 | D:6      | Reached skill level 3 in Polearms
  1186 | D:6      | Reached skill level 3 in Staves
  1186 | D:6      | Reached skill level 3 in Slings
  1186 | D:6      | Reached skill level 3 in Bows
  1186 | D:6      | Reached skill level 3 in Crossbows
  1186 | D:6      | Reached skill level 3 in Throwing
  1186 | D:6      | Reached skill level 3 in Armour
  1186 | D:6      | Reached skill level 3 in Stealth
  1186 | D:6      | Reached skill level 3 in Shields
  1186 | D:6      | Reached skill level 3 in Evocations
  1211 | D:7      | Found a staircase to the Ecumenical Temple.
  1236 | Temple   | Entered the Ecumenical Temple
  1335 | D:7      | Learned a level 5 spell: Blade Hands
  1351 | D:7      | Reached skill level 6 in Spellcasting
  1386 | D:7      | Noticed Prince Ribbit
  1407 | D:7      | Killed Prince Ribbit
  1438 | D:7      | Reached skill level 4 in Invocations
  1443 | D:7      | Reached skill level 3 in Conjurations
  1443 | D:7      | Reached skill level 3 in Hexes
  1443 | D:7      | Reached skill level 3 in Charms
  1443 | D:7      | Reached skill level 3 in Summonings
  1443 | D:7      | Reached skill level 3 in Necromancy
  1443 | D:7      | Reached skill level 3 in Translocations
  1443 | D:7      | Reached skill level 3 in Fire Magic
  1443 | D:7      | Reached skill level 3 in Ice Magic
  1443 | D:7      | Reached skill level 3 in Air Magic
  1443 | D:7      | Reached skill level 3 in Earth Magic
  1443 | D:7      | Reached skill level 3 in Poison Magic
  1482 | D:6      | Reached XP level 9. HP: 66/66 MP: 13/18
  1486 | D:6      | Reached skill level 6 in Dodging
  1508 | D:6      | Noticed Ashar's ghost (novice DsFi)
  1520 | D:6      | Killed Ashar's ghost
  1520 | D:6      | Reached skill level 4 in Short Blades
  1520 | D:6      | Reached skill level 4 in Long Blades
  1520 | D:6      | Reached skill level 4 in Axes
  1520 | D:6      | Reached skill level 4 in Maces & Flails
  1520 | D:6      | Reached skill level 4 in Polearms
  1520 | D:6      | Reached skill level 4 in Staves
  1520 | D:6      | Reached skill level 4 in Slings
  1520 | D:6      | Reached skill level 4 in Bows
  1520 | D:6      | Reached skill level 4 in Crossbows
  1520 | D:6      | Reached skill level 4 in Throwing
  1520 | D:6      | Reached skill level 4 in Armour
  1520 | D:6      | Reached skill level 4 in Stealth
  1520 | D:6      | Reached skill level 4 in Shields
  1520 | D:6      | Reached skill level 5 in Transmutations
  1520 | D:6      | Reached skill level 4 in Evocations
  1657 | D:6      | Reached skill level 5 in Fighting
  1812 | D:7      | Gained mutation: Scrolls take you a little longer to read. [potion of mutation]
  1812 | D:7      | Gained mutation: Your movements are slightly less encumbered by armour. (ER -2) [potion of mutation]
  1812 | D:7      | Gained mutation: You are partially covered in rugged brown scales. (AC +1, +3% HP) [potion of mutation]
  1895 | D:8      | Reached skill level 8 in Unarmed Combat
  1916 | D:8      | Reached skill level 5 in Invocations
  1918 | D:8      | Noticed Maurice
  1927 | D:8      | Killed Maurice
  1927 | D:8      | Reached skill level 7 in Spellcasting
  1927 | D:8      | Reached XP level 10. HP: 30/76 MP: 12/20
  2002 | D:8      | Reached skill level 4 in Conjurations
  2002 | D:8      | Reached skill level 4 in Hexes
  2002 | D:8      | Reached skill level 4 in Charms
  2002 | D:8      | Reached skill level 4 in Summonings
  2002 | D:8      | Reached skill level 4 in Necromancy
  2002 | D:8      | Reached skill level 4 in Translocations
  2002 | D:8      | Reached skill level 4 in Fire Magic
  2002 | D:8      | Reached skill level 4 in Ice Magic
  2002 | D:8      | Reached skill level 4 in Air Magic
  2002 | D:8      | Reached skill level 4 in Earth Magic
  2002 | D:8      | Reached skill level 4 in Poison Magic
  2086 | D:8      | Noticed Erica
  2095 | D:8      | Killed Erica
  2095 | D:8      | Reached skill level 5 in Short Blades
  2095 | D:8      | Reached skill level 5 in Long Blades
  2095 | D:8      | Reached skill level 5 in Axes
  2095 | D:8      | Reached skill level 5 in Maces & Flails
  2095 | D:8      | Reached skill level 5 in Polearms
  2095 | D:8      | Reached skill level 5 in Staves
  2095 | D:8      | Reached skill level 5 in Slings
  2095 | D:8      | Reached skill level 5 in Bows
  2095 | D:8      | Reached skill level 5 in Crossbows
  2095 | D:8      | Reached skill level 5 in Throwing
  2095 | D:8      | Reached skill level 5 in Armour
  2095 | D:8      | Reached skill level 5 in Stealth
  2095 | D:8      | Reached skill level 5 in Shields
  2095 | D:8      | Reached skill level 5 in Evocations
  2159 | D:9      | Found a shimmering altar of Xom.
  2174 | D:9      | Lost mutation: Scrolls take you a little longer to read. [potion of mutation]
  2174 | D:9      | Gained mutation: You are resistant to hostile enchantments. (MR+) [potion of mutation]
  2174 | D:9      | Gained mutation: You are agile. (Dex +2) [potion of mutation]
  2174 | D:9      | Lost mutation: You are resistant to hostile enchantments. (MR+) [potion of mutation]
  2174 | D:9      | Gained mutation: You evolve. [potion of mutation]
  2192 | D:9      | Found a snail-covered altar of Cheibriados.
  2200 | D:9      | Became a worshipper of Cheibriados the Contemplative
  2211 | D:9      | Reached skill level 7 in Dodging
  2224 | D:9      | Found a sparkling altar of Nemelex Xobeh.
  2224 | D:9      | Found an opulent altar of Gozag.
  2249 | D:10     | Entered Level 10 of the Dungeon
  2285 | D:10     | Found a flagged portal.
  2310 | D:10     | Got a crystal hand axe
  2337 | D:10     | Noticed a centaur warrior
  2344 | D:10     | Killed a centaur warrior
  2344 | D:10     | Reached skill level 6 in Fighting
  2344 | D:10     | Reached skill level 6 in Transmutations
  2344 | D:10     | Reached skill level 6 in Invocations
  2345 | D:10     | Noticed a five-headed hydra
  2362 | Bailey   | Entered a bailey
  2364 | Bailey   | Identified the +3 hand axe "Myevoergh" {freeze, rElec MP+9} (You found it on level 10 of the Dungeon)
  2393 | Bailey   | Reached * piety under Cheibriados
  2437 | Bailey   | Reached XP level 11. HP: 24/83 MP: 15/22
  2503 | Bailey   | Reached ** piety under Cheibriados
  2535 | Bailey   | Learned a level 4 spell: Ice Form
  2541 | D:10     | Found an opulent altar of Gozag.
  2541 | D:10     | Found a sparkling altar of Nemelex Xobeh.
  2541 | D:10     | Found a shattered altar of Ashenzari.
  2541 | D:10     | Found a radiant altar of Vehumet.
  2590 | D:9      | Found a basalt altar of Yredelemnul.
  2617 | D:9      | Noticed a two-headed ogre
  2628 | D:9      | Killed a two-headed ogre
  2628 | D:9      | Reached skill level 6 in Short Blades
  2628 | D:9      | Reached skill level 6 in Long Blades
  2628 | D:9      | Reached skill level 6 in Axes
  2628 | D:9      | Reached skill level 6 in Maces & Flails
  2628 | D:9      | Reached skill level 6 in Polearms
  2628 | D:9      | Reached skill level 6 in Staves
  2628 | D:9      | Reached skill level 6 in Slings
  2628 | D:9      | Reached skill level 6 in Bows
  2628 | D:9      | Reached skill level 6 in Crossbows
  2628 | D:9      | Reached skill level 6 in Throwing
  2628 | D:9      | Reached skill level 6 in Armour
  2628 | D:9      | Reached skill level 6 in Stealth
  2628 | D:9      | Reached skill level 6 in Shields
  2628 | D:9      | Reached skill level 9 in Unarmed Combat
  2628 | D:9      | Reached skill level 6 in Evocations
  2633 | D:9      | Reached skill level 5 in Conjurations
  2633 | D:9      | Reached skill level 5 in Hexes
  2633 | D:9      | Reached skill level 5 in Charms
  2633 | D:9      | Reached skill level 5 in Summonings
  2633 | D:9      | Reached skill level 5 in Necromancy
  2633 | D:9      | Reached skill level 5 in Translocations
  2633 | D:9      | Reached skill level 5 in Fire Magic
  2633 | D:9      | Reached skill level 5 in Ice Magic
  2633 | D:9      | Reached skill level 5 in Air Magic
  2633 | D:9      | Reached skill level 5 in Earth Magic
  2633 | D:9      | Reached skill level 5 in Poison Magic
  2746 | D:8      | Noticed a two-headed ogre
  2775 | D:9      | Reached skill level 8 in Spellcasting
  2784 | D:9      | Reached *** piety under Cheibriados
  3020 | D:11     | Noticed Fannar
  3026 | D:11     | Killed Fannar
  3026 | D:11     | Reached skill level 7 in Invocations
  3043 | D:12     | Noticed Sonja
  3049 | D:12     | Noticed Exporg's ghost (journeyman HOFi)
  3052 | D:12     | Killed Sonja
  3052 | D:12     | Reached skill level 7 in Fighting
  3052 | D:12     | Reached skill level 8 in Dodging
  3059 | D:12     | Killed Exporg's ghost
  3101 | D:12     | Noticed a five-headed hydra
  3111 | D:12     | Killed a five-headed hydra
  3127 | D:12     | Noticed Josephine
  3135 | D:12     | Reached XP level 12. HP: 87/93 MP: 16/24
  3181 | D:13     | Noticed a centaur warrior
  3183 | D:13     | Noticed a centaur warrior
  3188 | D:13     | Reached **** piety under Cheibriados
  3211 | D:13     | Noticed a centaur warrior
  3278 | D:12     | Reached skill level 7 in Transmutations
  3392 | D:12     | Got a shimmering mace
  3445 | D:11     | Found a staircase to the Lair.
  3504 | D:11     | Reached skill level 7 in Short Blades
  3504 | D:11     | Reached skill level 7 in Long Blades
  3504 | D:11     | Reached skill level 7 in Axes
  3504 | D:11     | Reached skill level 7 in Maces & Flails
  3504 | D:11     | Reached skill level 7 in Polearms
  3504 | D:11     | Reached skill level 7 in Staves
  3504 | D:11     | Reached skill level 7 in Slings
  3504 | D:11     | Reached skill level 7 in Bows
  3504 | D:11     | Reached skill level 7 in Crossbows
  3504 | D:11     | Reached skill level 7 in Throwing
  3504 | D:11     | Reached skill level 7 in Armour
  3504 | D:11     | Reached skill level 7 in Stealth
  3504 | D:11     | Reached skill level 7 in Shields
  3504 | D:11     | Reached skill level 7 in Evocations
  3508 | D:11     | HP: 9/93 [centaur (2)]
  3508 | D:11     | HP: 1/93 [centaur/shortbow (8)]
  3508 | D:11     | Mangled by a centaur

Skill      XL: |  1  2  3  4  5  6  7  8  9 10 11 12 |
---------------+-------------------------------------+-----
Spellcasting   | 5 6 7 8 |  8.7
Invocations    | 1 2 3 4 5 6 7 |  7.6
Short Blades   | 1 2 3 4 5 6 7 |  7.0
Long Blades    | 1 2 3 4 5 6 7 |  7.0
Axes           | 1 2 3 4 5 6 7 |  7.0
Maces & Flails | 1 2 3 4 5 6 7 |  7.0
Polearms       | 1 2 3 4 5 6 7 |  7.0
Staves         | 1 2 3 4 5 6 7 |  7.0
Slings         | 1 2 3 4 5 6 7 |  7.0
Bows           | 1 2 3 4 5 6 7 |  7.0
Crossbows      | 1 2 3 4 5 6 7 |  7.0
Throwing       | 1 2 3 4 5 6 7 |  7.0
Armour         | 1 2 3 4 5 6 7 |  7.0
Stealth        | 1 2 3 4 5 6 7 |  7.0
Shields        | 1 2 3 4 5 6 7 |  7.0
Evocations     | 1 2 3 4 5 6 7 |  7.0
Conjurations   | 1 2 3 4 5 |  5.8
Hexes          | 1 2 3 4 5 |  5.8
Charms         | 1 2 3 4 5 |  5.8
Summonings     | 1 2 3 4 5 |  5.8
Necromancy     | 1 2 3 4 5 |  5.8
Translocations | 1 2 3 4 5 |  5.8
Fire Magic     | 1 2 3 4 5 |  5.8
Ice Magic      | 1 2 3 4 5 |  5.8
Air Magic      | 1 2 3 4 5 |  5.8
Earth Magic    | 1 2 3 4 5 |  5.8
Poison Magic   | 1 2 3 4 5 |  5.8
Fighting       | 3 4 5 6 7 |  7.5
Transmutations | 4 5 6 7 |  7.0
Dodging        | 5 6 7 8 |  8.4
Unarmed Combat | 7 8 9 |  9.6

Action                   |  1- 3 |  4- 6 |  7- 9 | 10-12 || total
-------------------------+-------+-------+-------+-------++-------
Melee: Unarmed           |    78 |    45 |   200 |   308 ||   631
       Kick              |    13 |       |       |       ||    13
       Bite              |    11 |       |     5 |    26 ||    42
       Headbutt          |    12 |       |       |       ||    12
       Punch             |     1 |       |     1 |    11 ||    13
       Dagger            |       |       |    10 |     4 ||    14
       Hand axe          |       |       |       |    12 ||    12
Throw: Tomahawk          |       |       |     3 |       ||     3
 Cast: Beastly Appendage |    11 |       |       |       ||    11
       Sticks to Snakes  |     4 |     4 |    28 |    36 ||    72
       Spider Form       |     3 |     6 |    24 |    12 ||    45
       Blade Hands       |       |       |     1 |    21 ||    22
       Ice Form          |       |       |       |     1 ||     1
 Abil: End Transformatio |       |       |     1 |     3 ||     4
Evoke: Wand              |       |       |     2 |     7 ||     9
  Use: Scroll            |       |       |    12 |     8 ||    20
       Potion            |       |       |    10 |     9 ||    19
 Stab: Sleeping          |     2 |     1 |     4 |     5 ||    12
       Distracted        |       |     1 |     5 |     2 ||     8
       Invisible         |       |       |     2 |     4 ||     6
       Paralysed         |       |       |     2 |     3 ||     5
  Eat: Ration            |     1 |       |     1 |     4 ||     6
       Chunk             |       |       |       |     1 ||     1
Armor: Robe              |     4 |       |     1 |    34 ||    39
       Skin              |       |     2 |    20 |     8 ||    30
Dodge: Dodged            |    41 |    24 |   179 |   426 ||   670

Table legend:
 A = Turns spent in this place as a percentage of turns spent in the entire game.
 B = Non-inter-level travel turns spent in this place as a percentage of non-inter-level travel turns spent in the entire game.
 C = Inter-level travel turns spent in this place as a percentage of turns spent in this place.
 D = Turns resting spent in this place as a percentage of non-inter-level travel turns spent in this place.
 E = Turns spent auto-exploring this place as a percentage of non-inter-level travel turns spent in this place.
 F = Non-inter-level travel turns spent in this place divided by the number of levels of this place that you've seen.
                   A       B       C       D       E      F
               +-------+-------+-------+-------+-------+----------------------
         Total | 100.0 | 100.0 |   0.0 |   0.0 |   0.0 | 219.2
       Dungeon |  88.4 |  88.4 |   0.0 |   0.0 |   0.0 | 238.5
        Temple |   0.7 |   0.7 |   0.0 |   0.0 |   0.0 |  24.0
       Ossuary |   6.0 |   6.0 |   0.0 |   0.0 |   0.0 | 210.0
        Bailey |   5.0 |   5.0 |   0.0 |   0.0 |   0.0 | 174.0
               +-------+-------+-------+-------+-------+----------------------

Table legend:
 A = Kills in this place as a percentage of kills in entire the game.
 B = Kills by you in this place as a percentage of kills by you in the entire game.
 C = Kills by friends in this place as a percentage of kills by friends in the entire game.
 D = Other kills in this place as a percentage of other kills in the entire game.
 E = Experience gained in this place as a percentage of experience gained in the entire game.
 F = Experience gained in this place divided by the number of levels of this place that you have seen.
                   A       B       C       D       E      F
               +-------+-------+-------+-------+-------+----------------------
         Total | 100.0 | 100.0 | 100.0 |   N/A | 100.0 | 1347.9
       Dungeon |  84.9 |  84.9 |  84.6 |   N/A |  96.6 | 1602.5
       Ossuary |   6.2 |   5.2 |  15.4 |   N/A |   0.6 | 135.0
        Bailey |   8.9 |   9.9 |   0.0 |   N/A |   2.8 | 599.0
               +-------+-------+-------+-------+-------+----------------------

Vault maps used:
D:1:      dpeg_arrival_prison, serial_glass, glass_columns_c, glass_columns_a,
          glass_columns_a, glass_columns_a, glass_columns_a, glass_columns_a
D:2:      ashenzari_conservatory_becter, led_sif_pool, tgw_fedhas,
          serial_forest, infiniplex_forest_clump_small,
          infiniplex_forest_end_double, infiniplex_forest_join,
          infiniplex_forest_straight_2, infiniplex_forest_3_way,
          nrook_mini_vaults, minmay_rat_hole
D:3:      fiery_altar_vehumet, dancing_weapons_uskayaw, first_ration,
          minivault_23
D:4:      lemuel_crystal_altar, nicolae_ossuary_entry_plus, uniq_pikel,
          uniq_edmund, uniq_grinder, uniq_natasha, uniq_purgy
D:5:      nicolae_overflow_hidden_temple, elyvilon_altar_4, basic_altar,
          minmay_fire_ice_demons
D:6:      serial_shops, kennysheep_mini_moat, corexii_shack
D:7:      nicolae_dithmenos_shadow_blocks, minmay_temple_entry_statues,
          uniq_prince_ribbit1
D:8:      uniq_maurice, uniq_erica
D:9:      grunt_temple_overflow_opulence, overflow_temple_1_default,
          yredelemnul_altar_generic, kennysheep_little_box, grunt_livestock
D:10:     minmay_the_grid_octo_triangle, enter_bailey_2, jmf_multi_god_temple2
D:11:     lair_entry_dummy, uniq_harold, uniq_fannar
D:12:     minmay_misc_feat_encased, glass_columns_a, uniq_sonja, uniq_josephine
D:13:     portal_ice_cave_rime
Temple:   corrupted_temple
Ossuary:  ossuary_tomb_3
Bailey:   bailey_axe_1, bailey
